 Dungeon Crawl Stone Soup version 0.30-a0-800-g7c544603b3 (webtiles) character file.

Game seed: 11886931352299894804

333 Pimp the Covert (level 6, -3/32 HPs)
             Began as a Spriggan Brigand on Feb 22, 2023.
             Slain by a gnoll
             ... wielding a +0 halberd
              (9 damage)
             ... on level 4 of the Dungeon.
             The game lasted 00:08:07 (2858 turns).

Pimp the Covert (Spriggan Brigand)                  Turns: 2858, Time: 00:08:08

Health: -3/32      AC:  5    Str:  7      XL:     6   Next: 27%
Magic:  7/7        EV: 18    Int: 18 (19) God:
Gold:   173        SH:  0    Dex: 16 (18) Spells: 5/5 levels left

rFire   . . .      SeeInvis +    a - +3 dagger
rCold   + . .      Faith    .    (no shield)
rNeg    . . .      Spirit   .    v - +1 robe {Archmagi}
rPois   .          Reflect  .    q - +1 hat
rElec   .          Harm     .    c - +0 cloak
rCorr   .          Rampage  .    (gloves unavailable)
Will    +....      Archmagi +    (boots unavailable)
Stlth   ++++       Clarity  +    (no amulet)
HPRegen 0.25/turn                j - +6 ring of intelligence
MPRegen 0.10/turn                (no ring)

@: very quick
A: very small, no large weapons, unfitting armour, see invisible, speed 3, claws
1, clarity, cold resistance 1, deterioration 1
a: no special abilities


You were on level 4 of the Dungeon.
You visited 1 branch of the dungeon, and saw 5 of its levels.

You collected 173 gold pieces.

Inventory:

Hand Weapons
 a - a +3 dagger (weapon)
 w - a +0 dagger of draining
Missiles
 i - a boomerang (quivered)
Armour
 b - a +0 robe
 c - a +0 cloak (worn)
 q - a +1 hat (worn)
 v - a +1 robe of the Archmagi (worn)
Jewellery
 j - a +6 ring of intelligence (left claw)
 n - a ring of resist corrosion
Wands
 o - a wand of paralysis (9)
Scrolls
 k - 3 scrolls of amnesia
 m - a scroll of enchant weapon
Potions
 f - a potion of mutation
 g - 2 potions of curing
 h - a potion of cancellation
 p - 2 potions of heal wounds
 r - a potion of magic {unknown}
 s - a potion of resistance {unknown}
 t - a potion of attraction {unknown}
 u - a potion of ambrosia {unknown}


   Skills:
 + Level 2.6 Fighting
 + Level 3.5 Short Blades
 + Level 3.2 Throwing
 + Level 3.5 Dodging
 * Level 8.2 Stealth


You had 5 spell levels left.
You didn't know any spells.
Your spell library contained the following spells:

 Spells                   Type           Power      Damage    Failure   Level
 Shock                    Conj/Air       0%         1d3       22%         1
 Ensorcelled Hibernation  Hex/Ice        0%         N/A       32%         2
 Passwall                 Tmut/Erth      0%         N/A       32%         2
 Swiftness                Air            0%         N/A       54%         3
 Airstrike                Air            0%         2d(0-16)  91%         4


Dungeon Overview and Level Annotations

Branches:
Dungeon (5/15)
 Temple: D:4-7

Altars:

Annotations:
D:1 1 transporter
D:3 3 runed translucent doors, Newt's ghost, amateur DsGl


Innate Abilities, Weirdness & Mutations

You are very small and have problems with some larger weapons.
You are too small for most types of armour.
You have supernaturally acute eyesight. (SInv)
You cover ground extremely quickly. (Speed+++)
You have sharp fingernails.
You possess an exceptional clarity of mind.
Your flesh is cold resistant. (rC+)
Your body sometimes deteriorates upon taking damage.


Message History

p - 2 potions of heal wounds You hit the gnoll.
The gnoll is moderately wounded.
The gnoll splashes around in the water.
You hit the gnoll.
The gnoll is heavily wounded.
The gnoll misses you.
The gnoll splashes around in the water.
You hit the gnoll.
The gnoll is severely wounded.
The gnoll barely misses you. The gnoll closely misses you.
The gnoll hits something with a +0 halberd!
You hit the gnoll.
The gnoll is almost dead.
The gnoll closely misses you. The gnoll hits you with a +0 flail!
You hit the gnoll.
You kill the gnoll!
The gnoll hits the plant with a +0 halberd.
The plant begins to die.
The gnoll barely misses you.
You hit the gnoll.
The gnoll is lightly wounded.
You hit the gnoll. You claw the gnoll, but do no damage.
The gnoll is moderately wounded.
The gnoll closely misses you. The gnoll completely misses you.
You hit the gnoll. Your claw misses the gnoll.
The gnoll is lightly wounded.
The gnoll hits you with a +0 spear.
Your body deteriorates!
You feel dopey. The gnoll hits you with a +0 flail.
You hit the gnoll but do no damage.
The gnoll is lightly wounded.
The gnoll misses you. x2
You hit the gnoll.
The gnoll is moderately wounded.
The gnoll closely misses you. The gnoll hits you with a +0 spear!
The gnoll barely misses you.
The gnoll hits you from afar with a +0 spear.
* * * LOW HITPOINT WARNING * * *
The gnoll hits you from afar with a +0 halberd!
You die...

###### ##.g..# #..g#)#
#..g~♣###.## #.##
#...~~...... ...
##♣~.@~♣♣##.# #.#
#~~~~.~~♣♣#.####.#
#♣♣♣~~~...~~~♣......##
♣~~~~P...~~~~♣♣......#
♣P~~~~~..[~~~♣♣......###
♣~~~~~~...~P~♣♣........#
♣♣P~~~~~(.~~♣♣♣......#.#
♣~P≈≈~~~...~~♣♣...[..#.#
♣~~≈≈~P...~~~♣>......#.#


You could see 3 gnolls.

Vanquished Creatures
  A scorpion (D:4)
  A gnoll bouda (D:4)
  Jessica (D:3)
  6 gnolls (D:4)
  8 adders
  2 dart slugs (D:2)
  6 orcs
  4 endoplasms
  9 goblins
  8 hobgoblins
  12 jackals
  4 quokkas
  10 ball pythons
  2 bats (D:2)
  3 frilled lizards
  4 kobolds
  4 rats
85 creatures vanquished.

Vanquished Creatures (others)
  A fungus (D:2)
  8 plants (D:4)
9 creatures vanquished.

Grand Total: 94 creatures vanquished

Notes
Turn   | Place    | Note
-------+----------+-------------------------------------------
     0 | D:1      | Pimp the Spriggan Brigand began the quest for the Orb.
     0 | D:1      | Reached XP level 1. HP: 10/10 MP: 2/2
   166 | D:1      | Reached skill level 6 in Stealth
   174 | D:1      | Reached XP level 2. HP: 15/15 MP: 3/3
   776 | D:1      | Reached XP level 3. HP: 18/18 MP: 4/4
   850 | D:2      | You fall into a shaft and drop 2 floors!
  1109 | D:2      | Reached XP level 4. HP: 23/23 MP: 5/5
  1747 | D:3      | Reached skill level 7 in Stealth
  1953 | D:3      | Found a runed translucent gate.
  1953 | D:3      | Found a runed translucent gate.
  1953 | D:3      | Found a runed translucent gate.
  1958 | D:3      | Noticed Newt's ghost (amateur DsGl)
  2005 | D:3      | Found a faded altar of an unknown god.
  2011 | D:3      | Noticed Jessica
  2014 | D:3      | Killed Jessica
  2015 | D:3      | Reached XP level 5. HP: 26/26 MP: 6/6
  2297 | D:4      | Gained mutation: Your body sometimes deteriorates upon
                  | taking damage. [potion of mutation]
  2297 | D:4      | Gained mutation: You possess an exceptional clarity of
                  | mind. [potion of mutation]
  2297 | D:4      | Gained mutation: You have sharp fingernails. [potion of
                  | mutation]
  2297 | D:4      | Gained mutation: Your flesh is cold resistant. (rC+)
                  | [potion of mutation]
  2685 | D:4      | Reached skill level 8 in Stealth
  2685 | D:4      | Reached XP level 6. HP: 23/32 MP: 7/7
  2731 | D:5      | Entered Level 5 of the Dungeon
  2858 | D:4      | Slain by a gnoll

Illustrated notes

Levels and vault maps discovered:
D:1:      spicycebolla_arrival_risky_transporter, layout_basic,
          nicolae_concentric_dashed_squares_wild
D:2:      layout_rooms, dreamdust_mushroom_princess
D:3:      layout_loops_ring, gammafunk_ghost_necromancy,
          hellmonk_ecumenical_altar_inner_sanctum, minmay_goblin_kobold_house,
          uniq_jessica
D:4:      layout_loops_cross, slow_altar_1, minmay_temple_entry_gardened_gates,
          minmay_misc_feat_roman, hangedman_decor_opposing, serial_bayou_ford_a
D:5:      layout_cave_pods, uniq_blork_the_orc

Skill      XL: |  1  2  3  4  5 |
---------------+----------------+-----
Stealth        | 6 7 8 |  8.2
Dodging        | 2 3 |  3.5
Fighting       | 2 |  2.6
Short Blades   | 3 |  3.5
Throwing       | 3 |  3.2

Action                     |  1- 3 |  4- 6 || total
---------------------------+-------+-------++-------
  Melee: Dagger            |   125 |   141 ||   266
         Punch             |     2 |     4 ||     6
  Throw: Dart              |    15 |    36 ||    51
         Boomerang         |       |    10 ||    10
    Use: Scroll            |     2 |     5 ||     7
         Potion            |       |     2 ||     2
   Stab: Sleeping          |     8 |     8 ||    16
 Armour: Robe              |    19 |    22 ||    41
  Dodge: Dodged            |    85 |   123 ||   208

Table legend: (Time is in decaauts)
 A = Elapsed time spent in this place.
 B = Non-inter-level travel time spent in this place.
 C = Inter-level travel time spent in this place.
 D = Time resting spent in this place.
 E = Time spent auto-exploring this place.
 F = Levels seen in this place.
 G = Mean time per level.
                   A        B        C        D        E       F      G
               +--------+--------+--------+--------+--------+-----+--------+
         Total |   2004 |   1934 |     70 |    213 |    934 |   5 |  400.8 |
       Dungeon |   2004 |   1934 |     70 |    213 |    934 |   5 |  400.8 |
               +--------+--------+--------+--------+--------+-----+--------+

Top non-repeatable levels by time:
     D:3: 637 daAuts
     D:1: 555 daAuts
     D:4: 392 daAuts
     D:2: 349 daAuts
     D:5: 69 daAuts
